 Dungeon Crawl Stone Soup version 0.19-a0-1277-g7cecae3 (webtiles) character file.

257 Redz the Skirmisher (level 5, 0/45 HPs)
             Began as a Centaur Skald on Aug 30, 2016.
             Slain by an orc priest
             ... wielding a +0 flail
              (3 damage)
             ... on level 4 of the Dungeon.
             The game lasted 00:18:22 (3833 turns).

Redz the Skirmisher (Centaur Skald)                 Turns: 3833, Time: 00:18:25

Health: 0/45       AC:  5    Str: 12 (14) XL:     5   Next: 93%
Magic:  6/8        EV:  9    Int: 12      God:
Gold:   102        SH:  0    Dex:  7 (9)  Spells: 3 memorised, 3 levels left

rFire  . . .     SeeInvis .     a - +1 falchion
rCold  . . .     Gourm    .     b - +1 leather armour
rNeg   . . .     Faith    .     (no shield)
rPois  .         Spirit   .     (no helmet)
rElec  .         Dismiss  .     (no cloak)
rCorr  .         Reflect  .     (no gloves)
MR     .....     Harm     .     (no barding)
Stlth  ..........               g - amulet of regeneration
                                (no ring)
                                (no ring)

@: infused, very quick
A: hooves 3, deformed body, speed 2, tough skin 3
a: no special abilities


You were on level 4 of the Dungeon.
You were not hungry.

You visited 1 branch of the dungeon, and saw 4 of its levels.

You collected 102 gold pieces.

Inventory:

Hand Weapons
 a - a +1 falchion (weapon)
Armour
 b - a +1 leather armour (worn)
Jewellery
 g - an amulet of regeneration (around neck)
Scrolls
 f - 2 scrolls of remove curse
 i - 3 scrolls of recharging
 j - a scroll of random uselessness {unknown}
 k - a scroll of enchant weapon
Potions
 e - 2 potions of agility
Books
 c - a book of Battle

   Spells                             Type                      Level
   a - Infusion                       Charms                       1
   b - Shroud of Golubria             Charms/Translocation         2
   c - Song of Slaying                Charms                       2
   d - Spectral Weapon                Hexes/Charms                 3
   e - Regeneration                   Charms/Necromancy            3
Comestibles
 d - 2 bread rations
 l - 4 chunks of flesh
 p - 2 fruits


   Skills:
 * Level 3.4 Fighting
 * Level 3.1 Long Blades
 + Level 1.5 Armour
 + Level 1.8 Dodging
 + Level 2.1 Spellcasting
 + Level 3.2 Charms


You had 3 spell levels left.
You knew the following spells:

 Your Spells              Type           Power        Failure   Level  Hunger
a - Infusion              Chrm           #...         12%         1    ##.....
b - Song of Slaying       Chrm           #.......     17%         2    ###....
c - Shroud of Golubria    Chrm/Tloc      #.........   28%         2    ###....


Dungeon Overview and Level Annotations

Branches:
Dungeon (4/15)
 Temple: D:4-7

Altars:

Annotations:
D:3 KuKumber's ghost, amateur KoEn; Terence


Innate Abilities, Weirdness & Mutations

You have hooves in place of feet.
Armour fits poorly on your strangely shaped body.
You cover ground very quickly.
You have extremely tough skin. (AC +3)


Message History

The orc priest hits you with a flail.
Casting: Shroud of Golubria
Confirm with . or Enter, or press ? or * to list all spells.
You begin infusing your attacks with magical energy.
The orc priest hits you with a flail.
You barely miss the orc priest.
The orc priest is moderately wounded.
The orc priest hits you with a flail.
You closely miss the orc priest.
The orc priest is moderately wounded.
The orc priest hits you but does no damage.
You barely miss the orc priest.
The orc priest is moderately wounded.
You hit the orc priest.
The orc priest is heavily wounded.
The orc priest invokes the aid of Beogh against you.
Pain shoots through your body!
* * * LOW HITPOINT WARNING * * *
The orc priest hits you with a flail.
You die...

### #.# ####### ...
##......#
#.###########...###.#
#.##.@.......<...##.#
#######.##o#######..)..##.#
.....>.....#...........##.#
..####.####.#####.....##.#
#.####.####.#####.....##.##
#............o............#
######.###..#######........
#.###..# #............
#......# #.#####.###..


You could see an orc priest.

Vanquished Creatures
  An ogre (D:4)
  A hound (D:4)
  An orc wizard (D:4)
  A gnoll (D:1)
  3 adders
  2 worms
  A dart slug (D:1)
  3 giant geckos
  7 orcs
  3 ball pythons
  3 giant cockroaches
  8 hobgoblins
  4 jackals (D:2)
  6 kobolds
  2 quokkas
  2 bats
  A giant gecko skeleton (D:4)
  3 giant newts
  3 goblins
  12 rats
67 creatures vanquished.

Notes
Turn   | Place    | Note
-------+----------+-------------------------------------------
     0 | D:1      | Redz the Centaur Skald began the quest for the Orb.
     0 | D:1      | Reached XP level 1. HP: 17/17 MP: 3/3
   201 | D:1      | Reached XP level 2. HP: 17/25 MP: 0/4
   242 | D:1      | Reached skill level 1 in Dodging
   732 | D:1      | Reached XP level 3. HP: 22/30 MP: 5/5
   816 | D:1      | Learned a level 2 spell: Song of Slaying
   819 | D:1      | Learned a level 2 spell: Shroud of Golubria
  1201 | D:2      | Reached skill level 1 in Armour
  1650 | D:3      | Noticed KuKumber's ghost (amateur KoEn)
  1813 | D:3      | Reached XP level 4. HP: 14/37 MP: 0/6
  2079 | D:3      | Noticed Terence
  2808 | D:3      | HP: 1/37 [orc wizard/magic dart (9)]
  3080 | D:4      | Noticed an ogre
  3609 | D:4      | Reached XP level 5. HP: 45/45 MP: 3/7
  3700 | D:4      | Killed an ogre
  3833 | D:4      | Slain by an orc priest

Vault maps used:
D:1:      dpeg_arrival_ratfight
D:3:      serial_co_window_serial, co_window_paths_a, co_window_paths_a,
          co_window_corner_a, co_window_of_opportunity_a, co_window_paths_a,
          co_window_corner_ca, co_window_cross_2, co_window_broadway_a,
          co_window_of_opportunity_b, co_window_broadway_b, co_window_2corner,
          co_window_4corner_b, co_window_paths_d, glass_columns_c,
          glass_columns_c, glass_columns_a, glass_columns_b, uniq_terence
D:4:      minmay_bent, uniq_menkaure

Skill      XL: |  1  2  3  4  5 |
---------------+----------------+-----
Long Blades    | 2 3 |  3.1
Dodging        | 1 |  1.8
Armour         | 1 |  1.5
Charms         | 3 |  3.2
Fighting       | 3 |  3.4
Spellcasting   | 2 |  2.1

Action                   |  1- 3 |  4- 6 || total
-------------------------+-------+-------++-------
Melee: Falchion          |   149 |   208 ||   357
       Kick              |    20 |    21 ||    41
 Cast: Infusion          |     4 |     3 ||     7
       Shroud of Golubri |     4 |    11 ||    15
       Song of Slaying   |       |     1 ||     1
  Use: Potion            |       |     8 ||     8
       Scroll            |       |     5 ||     5
  Eat: Chunk             |     2 |     6 ||     8
       Pizza             |       |     1 ||     1
Armor: Leather armour    |    36 |    57 ||    93
       Skin              |       |     6 ||     6
Dodge: Dodged            |    56 |   100 ||   156
